AoeStats
← lihom1987

Pilgrims

509865456Analyzed
3v3 RM · 5d ago on Sep 28, 2026· 22m 54s· 6 players
Game mode
Random Map
Map size
Normal (6 player)
Population
200
Speed
Normal
Resources
Standard
Victory
Conquest
Starting age
Dark Age
Ending age
Imperial Age
RankedLock teamsTeams togetherTeam positionsShared explorationLock speedFull tech treeHidden civsTurbo modeCheats
Victory
Defeat
🇨🇳 Britons · China
914
+14
🇺🇸 Franks · United States
906
+14
🇳🇱 Spanish · Netherlands
888
+15
🇹🇼 Mongols · Taiwan
899
-16
🇰🇷 Huns · South Korea
861
-14
🇹🇼 Wu · Taiwan
840
-29
jhkim91cfa
11:56 Feudal Age
18:43 Castle Age
17:13 Double-Bit Axe
17:47 Forging
20:02 Bloodlines
19:53 Husbandry
lihom1987
17:23 Feudal Age
bnop9876
11:05 Feudal Age
12:52 Loom
17:24 Castle Age
17:09 Forging
17:30 Gold Mining
17:35 Stone Mining
DemureHarp13849
8:05 Loom
11:42 Feudal Age
16:02 Castle Age
14:11 Fishing Lines
18:11 Double-Bit Axe
20:17 Padded Archer Armor
20:08 Fletching
20:07 Town Watch
20:58 Wheelbarrow
20:46 Gillnets
21:51 Medium Warships
22:53 Gold Mining
23:26 Bow Saw
kilfal
8:54 Loom
10:50 Feudal Age
11:30 Double-Bit Axe
13:19 Fishing Lines
19:44 Castle Age
18:23 Gold Mining
18:29 Fletching
18:39 Horse Collar
20:49 Bow Saw
20:45 Stone Mining
21:05 Heavy Plow
20:31 Crossbowman
22:03 Squires
23:14 Wheelbarrow
aextropical#0420
9:16 Loom
12:02 Feudal Age
12:52 Double-Bit Axe
18:18 Forging
22:44 Castle Age
22:36 Scale Barding Armor
Connection lost

Rejoining the realm…

Still unreachable

The connection could not be restored.

Session expired

The server has moved on; the page needs a fresh start.